 Dungeon Crawl Stone Soup version 0.14.1-3-gd16b60d (webtiles) character file.

193 juilesy the Cudgeler (level 4, -4/41 HPs)
             Began as a Minotaur Berserker on May 20, 2014.
             Was a Believer of Trog.
             Slain by Grinder (6 damage)
             ... on Level 3 of the Dungeon.
             The game lasted 00:09:39 (1536 turns).

juilesy the Cudgeler (Minotaur Berserker)           Turns: 1536, Time: 00:09:40

HP  -4/41        AC  3     Str 21      XL: 4   Next: 10%
MP   2/2         EV 12     Int  9      God: Trog [**....]
Gold 119         SH  0     Dex 10 (11) Spells:  0 memorised,  3 levels left

rFire  . . .     SeeInvis .     a - +0 mace
rCold  . . .     Clarity  .     d - +0 robe (curse)
rNeg   . . .     Conserve .     (no shield)
rPois  .         rCorr    .     (helmet restricted)
rElec  .         rRot     .     (no cloak)
SustAb . .       Spirit   .     g - +0 pair of gloves
rMut   .         Warding  .     (no boots)
Saprov . . .     Stasis   .     (no amulet)
MR     ++...                    (no ring)
                                (no ring)

@: regenerating, exhausted, brilliant, slowed, very slow, very resistant to
hostile enchantments, unstealthy
A: retaliatory headbutt, horns 2
a: Burn Spellbooks, Berserk, Trog's Hand, Renounce Religion


You were on level 3 of the Dungeon.
You worshipped Trog.
Trog was pleased with you.
You were not hungry.

You visited 1 branch of the dungeon, and saw 3 of its levels.

You collected 119 gold pieces.

Inventory:

Hand weapons
 a - a +0,+0 mace (weapon)
 f - a +0,+0 sling
Missiles
 e - 48 stones (quivered)
 j - 24 darts of frost
Armour
 b - a +0 animal skin
 d - a cursed +0 robe (worn)
 g - a +0 pair of gloves (worn)
 i - a +0 ring mail
 q - a +1 leather armour
Scrolls
 h - 2 scrolls of remove curse {unknown}
 l - 2 scrolls of identify {unknown}
 m - a scroll of fear
 n - a scroll of immolation {unknown}
 p - a scroll of teleportation {unknown}
 r - a scroll of blinking {unknown}
Potions
 o - a potion of porridge


   Skills:
 + Level 4.5 Fighting
 * Level 4.9 Maces & Flails
 + Level 1.3 Throwing
 - Level 2.4 Armour
 - Level 2.1 Dodging
 + Level 0.1 Stealth


You had 3 spell levels left.
You didn't know any spells.

Dungeon Overview and Level Annotations

Branches:
Dungeon (3/15)

Altars:
Dithmenos
Nemelex Xobeh
Sif Muna

Annotations:
D:3 Grinder


Innate Abilities, Weirdness & Mutations

You reflexively headbutt those who attack you in melee.
You have a pair of horns on your head.


Message History

Drink which item? (? for menu, Esc to quit)
You feel clever all of a sudden.
It was a potion of brilliance.
You feel the effects of Trog's Hand fading.
Drink which item? (? for menu, Esc to quit)
There was something very wrong with that liquid!
You feel clumsy.
It was a potion of degeneration.
Grinder hits you.
* * * LOW HITPOINT WARNING * * *
You writhe in agony.
* * * LOW HITPOINT WARNING * * *
Grinder misses you. You furiously retaliate!
You headbutt Grinder!
Read which item? (? for menu, Esc to quit)
Okay, then.
As you read the scroll labeled UQAOM CHEST, it crumbles to dust.
You assume a fearsome visage.
Grinder is unaffected.
It was a scroll of fear.
Grinder hits you.
* * * LOW HITPOINT WARNING * * *
You writhe in agony.
You die...

.# ##+## #### ...
.....######
...###...###.#......#
..............?.....+
...#...# #.##.......#
. ......#
#...##..%..####.....
#.....##.#
#(...@5.%........)
..#......#
#.(#####....##....
#.....####
#.....####..#
.#.....#####.###.#
...# .............# #
5...# ..#..........#
.....# ....##.......#
..... .....#.......#
.# ....
.....#.#.....#...# .


You could see Grinder.

Vanquished Creatures
  3 gnolls (D:2)
  An adder (D:3)
  A giant mite (D:2)
  A giant gecko (D:2)
  A giant cockroach (D:1)
  6 hobgoblins
  2 kobolds
  A ball python (D:1)
  3 bats
  6 giant newts
  3 goblins
  6 rats
34 creatures vanquished.

Vanquished Creatures (others)
  A kobold (D:2)
  A rat (D:2)
2 creatures vanquished.

Grand Total: 36 creatures vanquished

Notes
Turn   | Place    | Note
--------------------------------------------------------------
     0 | D:1      | juilesy, the Minotaur Berserker, began the quest for the Orb.
     0 | D:1      | Reached XP level 1. HP: 19/19 MP: 1/1
   286 | D:1      | Reached XP level 2. HP: 27/27 MP: 1/1
   289 | D:1      | Reached skill level 4 in Maces & Flails
   769 | D:2      | Acquired Trog's second power
   806 | D:2      | Reached skill level 1 in Throwing
   806 | D:2      | Reached XP level 3. HP: 33/33 MP: 2/2
  1025 | D:2      | Found a shadowy altar of Dithmenos.
  1165 | D:2      | Found a deep blue altar of Sif Muna.
  1197 | D:2      | Found a sparkling altar of Nemelex Xobeh.
  1476 | D:3      | Reached XP level 4. HP: 41/41 MP: 2/2
  1508 | D:3      | Noticed Grinder
  1520 | D:3      | Paralysed by Grinder for 6 turns
  1536 | D:3      | HP: 2/41 [Grinder (2)]
  1536 | D:3      | Slain by Grinder

Action                   |  1- 3 |  4- 6 || total
-------------------------+-------+-------++-------
Melee: Mace              |    61 |     8 ||    69
Throw: Stone             |    18 |       ||    18
Invok: Berserk           |     1 |     1 ||     2
       Trog's Hand       |       |     1 ||     1
  Use: Potion            |       |     2 ||     2
       Scroll            |       |     1 ||     1
